Map: Odyssey LE

Players

omegabanana - Winner!

  • Race: Protoss Protoss
  • League: Gold
  • Spawn Location: 5:00

PandaBearMe

  • Race: Zerg Zerg
  • League: Master
  • Spawn Location: 11:00

VOD

https://go.twitch.tv/videos/186074637

Description

Time

  • Played on: Oct. 29, 2017, 2:44 p.m.
  • Length: 17:37
Show
View Real Time Build Order
Export as new Build Order

omegabanana Protoss - Winner!

Build Orders: 1 Gate Expand, Mass Adepts 

Get SALT Encoding   

  12  0:01  Probe (Chrono Boost)  
  13  0:11  Probe (Chrono Boost)  
  14  0:19  Pylon  
  14  0:22  Probe (Chrono Boost)  
  15  0:37  Probe (Chrono Boost)  
  15  0:40  Gateway  
  16  0:44  Assimilator  
  16  0:48  Probe (Chrono Boost)  
  17  0:59  Probe (Chrono Boost)  
  18  1:09  Probe (Chrono Boost)  
  19  1:22  Nexus  
  19  1:26  Probe (Chrono Boost)  
  20  1:33  Cybernetics Core  
  20  1:37  Probe (Chrono Boost)  
  21  1:42  Assimilator  
  21  1:48  Probe (Chrono Boost)  
  21  1:53  Pylon  
  22  1:58  Probe (Chrono Boost)  
  23  2:10  Warp Gate  
  23  2:11  Adept (Chrono Boost), Probe  
  26  2:23  Probe  
  26  2:29  Twilight Council  
  27  2:33  Probe  
  27  2:35  Adept (Chrono Boost), Probe  
  31  2:44  Mothership Core (Chrono Boost)  
  31  2:47  Probe (Chrono Boost)  
  34  2:59  Probe (Chrono Boost)  
  34  3:02  Resonating Glaives  
  34  3:05  Probe (Chrono Boost)  
  36  3:10  Probe (Chrono Boost)  
  37  3:14  Gateway  
  37  3:15  Probe (Chrono Boost)  
  36  3:20  Gateway  
  36  3:21  Adept, Probe (Chrono Boost)  
  39  3:29  Gateway  
  39  3:30  Probe (Chrono Boost)  
  39  3:31  Probe (Chrono Boost)  
  41  3:40  Probe (Chrono Boost)  
  42  3:42  Pylon, Probe (Chrono Boost)  
  43  3:51  Probe (Chrono Boost)  
  43  3:52  Probe (Chrono Boost)  
  43  3:53  Pylon  
  45  4:01  Probe (Chrono Boost)  
  45  4:02  Assimilator  
  46  4:03  Probe (Chrono Boost)  
  47  4:14  Pylon  
  47  4:17  Probe (Chrono Boost)  
  47  4:19  Adept x3  
  47  4:22  Probe  
  54  4:29  Adept  
  54  4:30  Nexus  
  56  4:36  Pylon  
  56  4:38  Probe x2  
  58  4:48  Adept x4  
  58  4:52  Pylon  
  66  4:53  Probe  
  66  4:54  Probe  
  66  5:08  Adept  
  66  5:09  Adept x3  
  74  5:15  Probe  
  74  5:17  Robotics Facility  
  75  5:23  Probe  
  59  5:29  Probe  
  59  5:31  Assimilator  
  58  5:36  Forge, Probe  
  58  5:40  Probe  
  58  5:41  Probe  
  61  5:48  Sentry x3  
  61  5:49  Probe  
  68  5:51  Probe  
  68  5:55  Probe  
  70  6:01  Probe x2  
  72  6:04  Assimilator  
  72  6:05  Assimilator  
  72  6:07  Probe  
  73  6:11  Stalker x2  
  73  6:12  Probe  
  73  6:13  Probe  
  73  6:16  Protoss Ground Weapons Level 1  
  79  6:20  Probe  
  79  6:22  Probe  
  81  6:32  Probe  
  82  6:33  Probe  
  82  6:34  Probe  
  84  6:40  Templar Archives  
  84  6:41  Warp Prism  
  84  6:44  Probe  
  87  6:47  Pylon  
  87  6:49  Probe  
  87  6:50  Probe  
  89  6:56  Probe (Chrono Boost)  
  89  7:00  Zealot x2  
  89  7:01  Probe (Chrono Boost)  
  94  7:03  Charge  
  94  7:04  Pylon  
  94  7:06  Pylon  
  96  7:08  Probe (Chrono Boost)  
  96  7:09  Gateway x2, Probe (Chrono Boost)  
  96  7:12  Psionic Storm, Probe (Chrono Boost)  
  98  7:18  Probe (Chrono Boost)  
  98  7:19  Probe (Chrono Boost)  
  98  7:21  Observer, Probe  
  102  7:35  Probe  
  102  7:36  Probe  
  89  7:38  Probe  
  88  7:45  Probe  
  88  7:47  Immortal (Chrono Boost)  
  88  7:50  Nexus  
  92  7:53  Probe  
  92  7:58  Pylon  
  92  8:00  Protoss Ground Weapons Level 2 (Chrono Boost)  
  92  8:02  High Templar x4  
  92  8:03  Gateway  
  92  8:05  Gateway  
  100  8:08  Photon Cannon  
  100  8:09  Photon Cannon  
  100  8:11  Pylon  
  100  8:21  Photon Cannon  
  100  8:24  Immortal (Chrono Boost)  
  104  8:35  Adept x2  
  104  8:36  Pylon  
  104  8:38  Pylon  
  104  8:41  High Templar x3  
  110  8:42  High Templar  
  110  8:46  Archon  
  110  8:48  Probe  
  117  8:55  Probe x2  
  117  8:58  Pylon  
  117  9:00  Probe  
  120  9:04  Pylon  
  120  9:08  Immortal (Chrono Boost)  
  120  9:12  Probe  
  120  9:13  Photon Cannon x2, Probe  
  120  9:15  Photon Cannon, Probe  
  123  9:17  Assimilator  
  123  9:26  Probe  
  123  9:27  Probe  
  123  9:31  Pylon, Zealot, High Templar x4  
  129  9:32  Zealot x3  
  129  9:34  Pylon  
  129  9:36  Stargate, Archon  
  129  9:37  Archon  
  141  9:53  Gateway  
  137  10:04  Zealot x7  
  141  10:18  Zealot  
  119  10:27  Zealot x5  
  117  10:29  Archon  
  117  10:31  Zealot x2  
  117  10:34  Probe  
  89  10:36  Immortal (Chrono Boost), Probe  
  89  10:38  Probe x2  
  88  10:43  Zealot  
  88  10:46  Probe  
  88  10:47  Probe  
  88  10:50  High Templar x3, Probe x2  
  88  10:51  High Templar  
  88  10:52  High Templar x2, Sentry  
  104  10:57  Probe  
  104  10:58  Probe  
  104  10:59  Photon Cannon, Archon  
  104  11:03  Probe x2  
  108  11:06  Zealot x2  
  108  11:08  Probe  
  108  11:10  Probe  
  113  11:15  Photon Cannon, Probe x2  
  113  11:17  Photon Cannon  
  119  11:18  Zealot, Probe  
  119  11:19  Immortal (Chrono Boost), Photon Cannon  
  119  11:20  Photon Cannon  
  119  11:22  Probe  
  119  11:23  Pylon, Zealot x3  
  129  11:27  Probe  
  128  11:35  Zealot x4  
  132  11:46  Zealot x4  
  133  11:50  Probe  
  134  11:59  Immortal (Chrono Boost)  
  138  12:03  Pylon, Zealot x4  
  138  12:04  Pylon  
  124  12:08  Archon  
  124  12:10  High Templar x2  
  124  12:11  High Templar x3  
  132  12:25  Photon Cannon  
  132  12:26  Photon Cannon  
  132  12:27  Photon Cannon  
  132  12:29  Pylon, Photon Cannon  
  128  12:31  Pylon  
  128  12:35  High Templar x2, Sentry  
  128  12:36  Zealot  
  132  12:38  Immortal (Chrono Boost)  
  132  12:42  Archon  
  132  12:47  Zealot x2  
  132  12:48  Zealot x3  
  131  13:00  Probe  
  131  13:02  Probe  
  131  13:03  Dark Shrine  
  131  13:04  Zealot x2  
  137  13:10  Zealot, Protoss Ground Weapons Level 3  
  137  13:14  High Templar x2  
  137  13:15  Zealot x2  
  137  13:17  Zealot  
  137  13:18  Zealot  
  147  13:21  Archon  
  147  13:26  Warp Prism (Chrono Boost)  
  147  13:28  Zealot  
  147  13:29  Zealot  
  151  13:35  Zealot  
  151  13:36  Zealot x2  
  151  13:40  Photon Cannon  
  157  13:42  Photon Cannon  
  157  13:49  Zealot  
  159  13:58  Immortal (Chrono Boost)  
  163  14:02  Zealot  
  163  14:03  Zealot x7  
  175  14:17  Nexus  
  175  14:26  Pylon  
  175  14:28  Dark Templar x2  
  179  14:33  Observer (Chrono Boost)  
  179  14:39  Pylon  
  179  14:41  Pylon  
  179  14:42  Probe  
  179  14:43  Fleet Beacon, Probe  
  173  14:47  Dark Templar, Pylon  
  173  14:49  Pylon  
  174  15:04  Assimilator  
  174  15:05  Assimilator  
  174  15:10  Zealot x3  
  168  15:36  Zealot x3  
  168  15:37  Zealot x6  
  178  15:51  Tempest  
  182  15:59  Zealot x5  
  182  16:00  Zealot  
  121  16:29  Dark Templar  
  121  16:30  Dark Templar x3  
Show
View Real Time Build Order
Export as new Build Order

PandaBearMe Zerg 

Build Orders: Hatch First 

Get SALT Encoding   

  12  0:01  Drone  
  13  0:11  Overlord  
  13  0:16  Drone  
  14  0:30  Drone x2  
  16  0:48  Hatchery  
  15  0:51  Drone  
  15  0:54  Drone  
  17  0:58  Drone  
  17  1:03  Extractor  
  17  1:14  Spawning Pool  
  17  1:17  Drone  
  17  1:20  Drone  
  18  1:28  Drone  
  19  1:40  Drone  
  20  1:48  Overlord  
  20  2:02  Queen x2  
  20  2:04  Zergling x2, Metabolic Boost  
  26  2:08  Drone  
  26  2:10  Drone  
  26  2:14  Drone  
  28  2:21  Drone x2  
  30  2:37  Hatchery  
  30  2:41  Zergling x2  
  30  2:44  Pneumatized Carapace  
  30  2:47  Drone  
  30  2:49  Drone  
  32  2:52  Drone  
  32  2:56  Overlord  
  33  3:00  Drone  
  34  3:14  Overlord  
  34  3:18  Overlord, Drone x2  
  34  3:19  Drone  
  36  3:29  Overlord  
  36  3:30  Drone x4  
  40  3:38  Drone  
  41  3:43  Drone  
  42  3:49  Evolution Chamber  
  42  3:51  Baneling Nest, Drone, Queen  
  42  3:52  Drone x2  
  45  3:56  Drone  
  45  3:59  Drone x2  
  45  4:01  Drone x2  
  45  4:02  Drone  
  51  4:10  Zergling x2  
  51  4:11  Zergling x2  
  51  4:16  Zerg Melee Weapons Level 1  
  53  4:18  Extractor  
  53  4:19  Zergling x4  
  53  4:20  Zergling x10  
  53  4:21  Zergling x2  
  60  4:24  Zergling x2  
  61  4:38  Baneling x3  
  61  4:39  Baneling  
  61  4:40  Zergling x8  
  61  4:41  Baneling x2  
  61  4:43  Zergling x2  
  66  4:47  Overlord  
  66  4:48  Overlord  
  66  4:50  Overlord, Drone  
  66  4:51  Zergling x8  
  70  5:06  Overlord  
  66  5:07  Drone x2  
  66  5:08  Drone x3  
  66  5:09  Lair  
  66  5:10  Drone, Queen  
  66  5:11  Drone  
  66  5:12  Drone  
  74  5:24  Overlord  
  74  5:26  Overlord, Drone  
  74  5:27  Drone x4  
  75  5:29  Extractor, Drone  
  74  5:37  Zergling x2, Baneling x3  
  74  5:38  Zergling x6  
  74  5:42  Drone  
  79  5:44  Drone x2  
  79  5:45  Extractor x2  
  79  5:52  Zergling x2  
  79  5:53  Zergling x4  
  82  5:59  Hatchery  
  82  6:02  Zergling x2  
  82  6:03  Zergling x10  
  87  6:14  Hydralisk Den  
  87  6:15  Overlord, Drone  
  87  6:16  Drone x4  
  89  6:20  Overlord  
  89  6:21  Drone  
  90  6:30  Overlord  
  89  6:33  Centrifical Hooks, Zerg Melee Weapons Level 2  
  89  6:37  Drone x2  
  89  6:38  Drone  
  92  6:43  Overlord x2  
  92  6:45  Overlord  
  92  6:46  Baneling x2  
  92  6:49  Overlord  
  92  6:50  Baneling x2  
  92  6:51  Overlord x2  
  92  6:53  Overlord  
  91  6:55  Zergling x10  
  91  6:57  Muscular Augments  
  92  7:04  Extractor, Hydralisk  
  93  7:09  Hydralisk x2  
  93  7:12  Overlord  
  93  7:14  Hydralisk x4  
  105  7:21  Hydralisk x4  
  113  7:26  Overlord  
  112  7:30  Overlord  
  112  7:31  Drone x5  
  103  7:37  Overlord  
  103  7:38  Zergling x12  
  106  7:44  Zergling x2  
  106  7:46  Zergling x2  
  106  7:48  Zergling x2  
  106  7:50  Spine Crawler, Zergling x4  
  107  7:54  Zergling x6  
  110  8:01  Drone x3  
  113  8:11  Baneling x6, Hydralisk  
  113  8:12  Drone x2, Hydralisk x4  
  125  8:17  Hydralisk  
  125  8:18  Hydralisk  
  125  8:19  Hydralisk  
  131  8:20  Hydralisk  
  131  8:21  Hydralisk x2  
  131  8:27  Overlord  
  137  8:31  Hydralisk x2  
  137  8:32  Hydralisk x2  
  137  8:33  Zergling x2  
  146  8:34  Zergling x2  
  146  8:37  Zergling x2  
  146  8:40  Zergling x2  
  149  8:41  Zergling x2  
  149  8:42  Zergling x2  
  149  8:45  Overlord, Zergling x4  
  149  8:47  Baneling x3  
  153  8:50  Zergling x8  
  153  8:52  Zergling x2  
  153  8:53  Zergling x6  
  161  8:58  Zergling x2  
  162  9:07  Zergling x2  
  162  9:08  Zergling x2  
  163  9:10  Zergling x2  
  163  9:11  Zergling x12  
  163  9:14  Overlord  
  170  9:20  Zergling x4  
  170  9:21  Zergling x6, Extractor  
  170  9:22  Zergling x6  
  177  9:24  Zergling x2  
  177  9:26  Zergling x2  
  177  9:28  Baneling x3  
  179  9:34  Baneling x26  
  179  9:35  Zergling x6  
  179  9:36  Zergling x2  
  183  9:42  Zergling x4  
  185  9:46  Zergling x2  
  185  9:49  Zergling x2  
  185  9:50  Zergling x18  
  196  9:54  Spine Crawler  
  196  9:57  Spine Crawler x2  
  186  10:03  Zergling x10  
  173  10:18  Zergling x24  
  161  10:25  Zerg Missile Weapons Level 1  
  161  10:27  Infestation Pit  
  138  10:32  Hydralisk  
  138  10:33  Hydralisk x6  
  121  10:44  Hydralisk  
  121  10:45  Hydralisk x5  
  121  10:48  Hydralisk  
  126  10:57  Hydralisk  
  126  10:58  Hydralisk x5  
  126  11:01  Baneling x5  
  138  11:06  Hatchery  
  137  11:13  Zergling x24  
  146  11:19  Hydralisk x2  
  146  11:21  Hydralisk x2  
  146  11:24  Zergling x2  
  146  11:25  Zergling x2  
  154  11:27  Zergling x6  
  154  11:28  Zergling x2  
  155  11:34  Hive  
  149  11:40  Spire  
  149  11:42  Zergling x2  
  149  11:44  Zergling x2  
  148  11:48  Zergling x2  
  148  11:49  Zergling x16  
  152  12:01  Zergling x2  
  152  12:02  Zergling x18  
  145  12:15  Baneling x5  
  132  12:20  Hydralisk  
  132  12:21  Hydralisk x3  
  140  12:26  Zerg Missile Weapons Level 2  
  140  12:29  Hatchery  
  134  12:52  Greater Spire  
  129  12:59  Zergling x2, Burrow  
  129  13:00  Zergling x34  
  129  13:01  Zergling x4  
  129  13:04  Overlord  
  129  13:05  Zergling x4  
  151  13:06  Zergling x2  
  151  13:07  Zergling x4  
  150  13:16  Zergling x2  
  145  13:21  Zergling x2  
  145  13:22  Zergling x6  
  145  13:23  Zergling x4, Baneling x11  
  146  13:31  Corruptor x2  
  146  13:32  Corruptor x3  
  146  13:33  Corruptor x2  
  151  13:48  Hydralisk x5  
  140  14:14  Brood Lord x7  
  154  14:21  Spine Crawler  
  154  14:22  Zergling x4, Spine Crawler  
  154  14:23  Zergling x8  
  158  14:26  Spine Crawler  
  158  14:28  Baneling x7  
  157  14:33  Zerg Flyer Weapons Level 1  
  154  14:45  Zergling x2  
  155  14:49  Zergling x12, Hatchery  
  157  15:07  Zergling x26  
  157  15:08  Overseer  
  157  15:10  Overseer  
  161  15:22  Zergling x4  
  156  15:29  Zergling x10  
  156  15:30  Zergling x2  
  156  15:34  Zergling x2  
  152  15:45  Zergling x6  
  152  15:46  Zergling x14  
  152  15:49  Baneling  
  155  15:54  Baneling x4  
  153  15:57  Zergling x2  
  153  15:58  Zergling x4  
  125  16:14  Zergling x2  
  125  16:17  Hydralisk  
  104  16:23  Zergling x6  
  87  16:41  Zergling x2  
  87  16:42  Zergling x6  
Tags
 
Add a new tag
Caveats
  • Supply blocks, unpowered buildings, or Contaminate may cause inaccurate times.
  • Supply counts are checked every 10 seconds.